[ AOE2 MATCH · #495076426 ]
UnrankedRomans vs Japanese
Player's team · LOSS
Rival team · WIN
[ REPLAY ANALYSIS · EXTRACTED FROM THE RECORDED GAME ]
Feudal
10:10
Castle
25:21
Imperial
—
| APM avg | 40.5 |
| APM peak | 106 |
| eAPM avg | 19.4 |
| Villagers / military | 84 / 61 |
Focus
⚔️ 35.0% · 🌾 65.0%
Militia ×43 · Fishing Ship ×17 · Scorpion ×11 · Unknown (2626) ×7 · Battering Ram ×5 · Demolition Raft ×2
Feudal
9:51
Castle
20:42
Imperial
35:51
| APM avg | 34.0 |
| APM peak | 74 |
| eAPM avg | 15.1 |
| Villagers / military | 119 / 73 |
Focus
⚔️ 25.3% · 🌾 74.7%
Archer ×45 · Samurai ×19 · Fishing Ship ×18 · Militia ×6 · Trebuchet (Packed) ×2 · Transport Ship ×1
Match map
Initial resources + every placement click. Lines = walls · curves = elevation contours. ◆ gold · ⬟ stone · ● berries · ✦ relic · ◌ wall gap
Your base· Open — 8t gap
Atilichi8821's base· Open — unwalled flank
Smoothed initial terrain · ◌ = detected wall gap · hover for details
Inputs per minute
— Ie cuack - - Atilichi8821
Build order — Ie cuack
First 150 of 248 actions detected
| 0:00 | Create | Villager (Male) ×4 |
| 0:01 | Create | Villager (Male) ×4 |
| 0:03 | Build | House |
| 0:04 | Build | House |
| 1:25 | Build | Lumber Camp |
| 1:26 | Create | Villager (Male) |
| 1:26 | Create | Villager (Male) |
| 1:56 | Create | Villager (Male) |
| 1:56 | Create | Villager (Male) |
| 2:24 | Create | Villager (Male) |
| 2:50 | Create | Villager (Male) |
| 3:15 | Create | Villager (Male) |
| 3:33 | Build | House |
| 3:37 | Create | Villager (Male) |
| 3:38 | Create | Villager (Male) |
| 4:21 | Create | Villager (Male) |
| 4:25 | Build | Dock |
| 4:27 | Create | Villager (Male) |
| 4:30 | Build | House |
| 4:33 | Build | Palisade Wall |
| 5:08 | Create | Fishing Ship |
| 5:09 | Create | Fishing Ship |
| 5:16 | Create | Villager (Male) |
| 5:17 | Create | Villager (Male) |
| 5:17 | Create | Villager (Male) |
| 5:42 | Create | Villager (Male) |
| 6:13 | Create | Fishing Ship |
| 6:34 | Create | Villager (Male) |
| 6:35 | Create | Villager (Male) |
| 6:54 | Create | Villager (Male) |
| 7:03 | Create | Villager (Male) |
| 7:12 | Research | Loom |
| 7:33 | Build | Barracks |
| 8:00 | Research | Feudal Age |
| 8:01 | Research | Feudal Age |
| 8:55 | Create | Militia |
| 8:56 | Create | Militia |
| 8:57 | Create | Villager (Male) |
| 9:06 | Build | Mining Camp |
| 9:50 | Build | House |
| 9:54 | Build | Palisade Wall |
| 9:55 | Build | Palisade Wall |
| 10:05 | Build | Palisade Wall |
| 10:07 | Build | Palisade Wall |
| 10:10 | Age | Feudal Age |
| 10:42 | Create | Militia |
| 10:59 | Build | Blacksmith |
| 11:09 | Create | Villager (Male) |
| 11:11 | Build | Palisade Wall |
| 11:13 | Build | Palisade Wall |
| 11:15 | Build | Palisade Wall |
| 11:24 | Research | Man-at-Arms (upgrade) |
| 11:32 | Research | Scale Mail Armor |
| 11:45 | Create | Villager (Male) |
| 11:49 | Build | House |
| 11:53 | Create | Villager (Male) |
| 12:01 | Create | Militia |
| 12:13 | Build | Watch Tower |
| 12:19 | Create | Villager (Male) |
| 12:21 | Build | House |
| 12:33 | Create | Villager (Male) |
| 12:34 | Create | Militia |
| 12:42 | Build | House |
| 12:48 | Create | Demolition Raft |
| 12:49 | Create | Demolition Raft |
| 13:17 | Create | Villager (Male) |
| 13:20 | Create | Fishing Ship |
| 13:21 | Create | Fishing Ship |
| 13:44 | Build | Dock |
| 13:46 | Create | Villager (Male) |
| 13:53 | Build | House |
| 13:54 | Build | House |
| 14:04 | Build | Mining Camp |
| 14:14 | Create | Fishing Ship |
| 14:14 | Create | Fishing Ship |
| 14:43 | Create | Villager (Male) |
| 15:09 | Create | Fishing Ship |
| 15:09 | Create | Fishing Ship |
| 15:19 | Build | House |
| 15:30 | Create | Villager (Male) |
| 15:34 | Build | Mill |
| 15:41 | Build | House |
| 15:48 | Create | Unit 2626 |
| 15:48 | Create | Unit 2626 |
| 15:48 | Create | Unit 2626 |
| 15:57 | Build | House |
| 16:18 | Build | Outpost |
| 16:29 | Build | Mining Camp |
| 16:31 | Create | Militia |
| 16:31 | Create | Militia |
| 16:55 | Create | Villager (Male) |
| 17:09 | Build | House |
| 17:38 | Create | Militia |
| 18:01 | Create | Villager (Male) |
| 18:10 | Create | Fishing Ship |
| 18:10 | Create | Fishing Ship |
| 18:10 | Create | Fishing Ship |
| 18:14 | Create | Villager (Male) |
| 18:21 | Build | House |
| 18:45 | Create | Villager (Male) |
| 19:05 | Create | Villager (Male) |
| 19:16 | Create | Militia |
| 19:16 | Create | Militia |
| 19:17 | Create | Villager (Male) |
| 19:18 | Create | Villager (Male) |
| 19:28 | Build | Dock |
| 19:31 | Create | Villager (Male) |
| 19:50 | Build | House |
| 20:09 | Build | Watch Tower |
| 20:22 | Create | Militia |
| 20:22 | Create | Militia |
| 20:24 | Build | House |
| 21:02 | Build | Watch Tower |
| 21:05 | Create | Villager (Male) |
| 21:10 | Build | Market |
| 21:19 | Build | Watch Tower |
| 21:21 | Research | Fletching |
| 21:25 | Create | Militia |
| 21:35 | Create | Villager (Male) |
| 21:38 | Build | House |
| 21:49 | Build | Watch Tower |
| 22:04 | Research | Forging |
| 22:23 | Create | Militia |
| 22:23 | Create | Militia |
| 22:41 | Research | Castle Age |
| 22:50 | Build | Watch Tower |
| 23:10 | Create | Villager (Male) |
| 23:20 | Build | Barracks |
| 23:23 | Create | Militia |
| 23:23 | Create | Militia |
| 23:23 | Create | Militia |
| 23:28 | Create | Fishing Ship |
| 23:28 | Create | Fishing Ship |
| 23:28 | Create | Fishing Ship |
| 23:37 | Create | Militia |
| 23:38 | Create | Militia |
| 24:02 | Create | Militia |
| 24:10 | Build | Watch Tower |
| 24:26 | Research | Double-Bit Axe |
| 25:15 | Build | Watch Tower |
| 25:21 | Age | Castle Age |
| 25:22 | Research | Chain Mail Armor |
| 25:32 | Research | Long Swordsman (upgrade) |
| 25:34 | Create | Villager (Male) |
| 26:03 | Create | Villager (Male) |
| 26:10 | Build | Mining Camp |
| 26:17 | Build | Stable |
| 26:27 | Build | Siege Workshop |
| 26:31 | Create | Villager (Male) |
| 26:46 | Create | Villager (Male) |
Build order — Atilichi8821
First 150 of 317 actions detected
| 0:00 | Create | Villager (Male) |
| 0:00 | Create | Villager (Male) |
| 0:02 | Build | House |
| 0:03 | Build | House |
| 0:26 | Create | Villager (Male) |
| 0:28 | Create | Villager (Male) |
| 0:54 | Build | Lumber Camp |
| 1:21 | Create | Villager (Male) |
| 2:07 | Create | Villager (Male) |
| 2:30 | Create | Villager (Male) |
| 2:49 | Create | Villager (Male) |
| 3:22 | Create | Villager (Male) |
| 3:32 | Build | Dock |
| 3:47 | Create | Villager (Male) |
| 3:50 | Build | House |
| 4:12 | Create | Villager (Male) |
| 4:14 | Create | Fishing Ship |
| 4:31 | Create | Villager (Male) |
| 4:37 | Create | Fishing Ship |
| 4:42 | Build | House |
| 4:58 | Create | Villager (Male) |
| 5:10 | Create | Fishing Ship |
| 5:30 | Create | Villager (Male) |
| 5:53 | Create | Villager (Male) |
| 5:54 | Create | Fishing Ship |
| 6:00 | Build | House |
| 6:19 | Create | Villager (Male) |
| 6:41 | Create | Villager (Male) |
| 7:04 | Build | Barracks |
| 7:09 | Create | Villager (Male) |
| 7:41 | Research | Feudal Age |
| 7:56 | Build | Palisade Wall |
| 8:00 | Build | Palisade Wall |
| 8:04 | Build | House |
| 8:10 | Create | Militia |
| 8:10 | Create | Militia |
| 8:16 | Build | Mining Camp |
| 8:35 | Build | House |
| 8:37 | Create | Militia |
| 8:41 | Build | Lumber Camp |
| 9:06 | Build | Dock |
| 9:12 | Build | House |
| 9:15 | Create | Militia |
| 9:45 | Create | Villager (Male) |
| 9:51 | Age | Feudal Age |
| 9:54 | Research | Man-at-Arms (upgrade) |
| 10:14 | Create | Villager (Male) |
| 10:39 | Create | Villager (Male) |
| 10:41 | Create | Militia |
| 10:41 | Create | Militia |
| 10:45 | Build | Archery Range |
| 10:54 | Create | Fishing Ship |
| 10:54 | Create | Fishing Ship |
| 11:02 | Create | Villager (Male) |
| 11:15 | Create | Villager (Male) |
| 11:34 | Research | Double-Bit Axe |
| 11:43 | Create | Archer |
| 11:44 | Create | Archer |
| 11:48 | Build | House |
| 11:59 | Create | Villager (Male) |
| 12:02 | Research | Loom |
| 12:19 | Build | House |
| 13:01 | Create | Villager (Male) |
| 13:01 | Create | Villager (Male) |
| 13:23 | Create | Villager (Male) |
| 13:29 | Build | Archery Range |
| 13:45 | Create | Villager (Male) |
| 13:47 | Create | Archer |
| 13:47 | Create | Archer |
| 14:00 | Build | Blacksmith |
| 14:03 | Create | Fishing Ship |
| 14:03 | Create | Fishing Ship |
| 14:06 | Create | Transport Ship |
| 14:08 | Research | Tech 906 |
| 14:11 | Create | Villager (Male) |
| 14:23 | Create | Fishing Ship |
| 14:25 | Create | Villager (Male) |
| 14:37 | Create | Archer |
| 14:38 | Create | Archer |
| 14:40 | Build | House |
| 14:44 | Create | Fishing Ship |
| 15:08 | Create | Villager (Male) |
| 15:12 | Build | Mill |
| 15:17 | Create | Archer |
| 15:17 | Create | Archer |
| 15:24 | Build | Watch Tower |
| 15:26 | Create | Villager (Male) |
| 15:42 | Create | Villager (Male) |
| 15:50 | Build | Palisade Wall |
| 16:08 | Create | Villager (Male) |
| 16:22 | Create | Villager (Male) |
| 16:24 | Build | Farm |
| 16:25 | Build | Farm |
| 16:26 | Create | Villager (Male) |
| 16:41 | Build | House |
| 16:43 | Build | House |
| 16:47 | Research | Wheelbarrow |
| 16:54 | Build | Market |
| 17:39 | Create | Archer |
| 17:39 | Create | Archer |
| 17:46 | Research | Castle Age |
| 17:50 | Build | Archery Range |
| 17:59 | Build | Dock |
| 18:20 | Build | House |
| 18:23 | Build | House |
| 18:33 | Create | Villager (Male) |
| 18:41 | Build | Mining Camp |
| 18:44 | Create | Archer |
| 18:45 | Create | Archer |
| 18:45 | Create | Archer |
| 18:54 | Research | Gold Mining |
| 19:15 | Build | House |
| 19:16 | Build | House |
| 19:21 | Create | Fishing Ship |
| 19:21 | Create | Fishing Ship |
| 19:27 | Create | Fishing Ship |
| 19:27 | Create | Fishing Ship |
| 19:28 | Create | Fishing Ship |
| 19:40 | Create | Archer ×2 |
| 20:21 | Create | Villager (Male) |
| 20:42 | Age | Castle Age |
| 20:55 | Research | Fletching |
| 20:57 | Research | Crossbowman (upgrade) |
| 21:10 | Create | Villager (Male) |
| 21:10 | Create | Villager (Male) |
| 21:14 | Create | Archer |
| 21:15 | Create | Archer |
| 21:16 | Create | Villager (Male) |
| 21:18 | Build | Palisade Wall |
| 21:20 | Create | Villager (Male) |
| 21:33 | Build | Town Center |
| 21:34 | Create | Villager (Male) |
| 21:40 | Create | Archer ×4 |
| 21:50 | Research | Bodkin Arrow |
| 21:57 | Create | Villager (Male) |
| 22:07 | Create | Villager (Male) |
| 22:25 | Create | Villager (Male) |
| 22:50 | Create | Villager (Male) |
| 22:51 | Create | Archer ×4 |
| 22:59 | Create | Villager (Male) |
| 23:10 | Create | Villager (Male) |
| 23:13 | Create | Villager (Male) |
| 23:16 | Create | Villager (Male) |
| 23:25 | Create | Villager (Male) |
| 23:33 | Build | Town Center |
| 23:44 | Create | Archer ×3 |
| 23:53 | Create | Villager (Male) |
| 23:57 | Create | Villager (Male) |
| 24:04 | Create | Villager (Male) |
| 24:13 | Create | Archer ×2 |
Match timeline
| 3:32 | Atilichi8821 · first_building Dock |
| 4:25 | Ie cuack · first_building Dock |
| 4:33 | Ie cuack · wall_segment Palisade Wall x3 |
| 7:04 | Atilichi8821 · first_building Barracks |
| 7:33 | Ie cuack · first_building Barracks |
| 7:56 | Atilichi8821 · wall_segment Palisade Wall x1 |
| 8:00 | Atilichi8821 · wall_segment Palisade Wall x1 |
| 9:51 | Atilichi8821 · age_up feudal |
| 9:54 | Ie cuack · wall_segment Palisade Wall x1 |
| 9:55 | Ie cuack · wall_segment Palisade Wall x1 |
| 10:05 | Ie cuack · wall_segment Palisade Wall x4 |
| 10:07 | Ie cuack · wall_segment Palisade Wall x6 |
| 10:10 | Ie cuack · age_up feudal |
| 10:45 | Atilichi8821 · first_building Archery Range |
| 11:11 | Ie cuack · wall_segment Palisade Wall x1 |
| 11:13 | Ie cuack · wall_segment Palisade Wall x1 |
| 11:15 | Ie cuack · wall_segment Palisade Wall x1 |
| 15:50 | Atilichi8821 · wall_segment Palisade Wall x1 |
| 20:42 | Atilichi8821 · age_up castle |
| 21:18 | Atilichi8821 · wall_segment Palisade Wall x1 |
| 22:07 | Ie cuack · first_market_buy 100 food |
| 22:10 | Ie cuack · first_market_sell 100 wood |
| 25:21 | Ie cuack · age_up castle |
| 25:36 | Atilichi8821 · first_building Castle |
| 26:17 | Ie cuack · first_building Stable |
| 26:27 | Ie cuack · first_building Siege Workshop |
| 35:48 | Atilichi8821 · first_market_buy 100 stone |
| 35:51 | Atilichi8821 · age_up imperial |
| 36:25 | Ie cuack · first_building Castle |
| 37:16 | Atilichi8821 · first_market_sell 500 food |
| 40:00 | Ie cuack · resign |
[ AI ANALYSIS · 1 CREDIT ]
What really happened in this match?
Wolo.gg analyzes every decision: build order, eco, micro, common mistakes by bracket. Personalized analysis on WhatsApp or Discord in 30 seconds.
Civ guide
Romans
Perfil
Ie cuack